 Dungeon Crawl Stone Soup version 0.29-a0-422-gafbd6decc1 (webtiles) character file.

Game seed: 1666690877313607871

70 happo123 the Shield-Bearer (level 4, 0/44 HPs)
             Began as a Troll Fighter on May 18, 2022.
             Slain by Grinder (6 damage)
             ... on level 3 of the Dungeon.
             The game lasted 00:04:45 (1764 turns).

happo123 the Shield-Bearer (Troll Fighter)          Turns: 1764, Time: 00:04:45

Health: 0/44       AC:  4    Str: 26    XL:     4   Next: 3%
Magic:  3/3        EV:  8    Int:  4    God:
Gold:   121        SH:  7    Dex:  9    Spells: 3/3 levels left

rFire   . . .      SeeInvis .     - Unarmed
rCold   . . .      Faith    .   b - +0 kite shield
rNeg    . . .      Spirit   .   a - +0 robe
rPois   .          Reflect  .   (helmet restricted)
rElec   .          Harm     .   (no cloak)
rCorr   .          Rampage  .   (gloves unavailable)
Will    .....                   (boots unavailable)
Stlth   +.........              (no amulet)
HPRegen 0.94/turn               (no ring)
MPRegen 0.08/turn               (no ring)

@: no status effects
A: large, unfitting armour, claws 3, regeneration 1, shaggy fur 1, tough skin 1
a: no special abilities


You were on level 3 of the Dungeon.
You visited 1 branch of the dungeon, and saw 3 of its levels.

You collected 121 gold pieces.

Inventory:

Armour
 a - a +0 robe (worn)
 b - a +0 kite shield (worn)
Scrolls
 d - 2 scrolls of teleportation {unknown}
 e - 3 scrolls of identify {unknown}
 f - a scroll of fog {unknown}
 j - a scroll of torment {unknown}
 n - a scroll of noise {unknown}
 o - a scroll of silence {unknown}
Potions
 c - a potion of might
 g - a potion of curing {unknown}
 h - a potion of magic {unknown}
 i - 2 potions of attraction {unknown}
 k - a potion of heal wounds {unknown}
 l - a potion of brilliance {unknown}
 m - 2 potions of degeneration {unknown}


   Skills:
 + Level 2.7 Fighting
 + Level 2.9 Dodging
 + Level 3.2 Shields
 + Level 3.0 Unarmed Combat


You had 3 spell levels left.
You didn't know any spells.
Your spell library contained the following spells:

 Spells                   Type           Power      Damage    Failure   Level
 Summon Small Mammal      Summ           0%         N/A       80%         1
 Call Canine Familiar     Summ           0%         N/A       99%         3
 Summon Guardian Golem    Hex/Summ       0%         N/A       99%         3


Dungeon Overview and Level Annotations

Branches:
Dungeon (3/15)

Altars:
Vehumet

Shops:
D:2 [

Annotations:
D:3 Grinder, Sigmund


Innate Abilities, Weirdness & Mutations

You are too large for most types of armour.
You have claws for hands.
Your natural rate of healing is unusually fast.
You are covered in fur. (AC +1)
You have tough skin. (AC +1)


Message History

There is an entrance to a sewer on this level.
Hurry and find it before the portal rusts away!
There is a stone staircase leading up here.
Found 11 gold pieces.
You now have 121 gold pieces (gained 11).
Found a glowing coppery potion.
You hear the slow rusting of a drain very nearby.
m - 2 glowing coppery potions (gained 1) Grinder comes into view.
Found a stone staircase leading down.
Grinder shouts!
Sigmund the Dreaded comes into view.
He is wielding a +0 scythe.
Found a chain mail.
Grinder gestures at you. Pain shoots through your body!
Sigmund shouts!
Grinder gestures at you. Pain shoots through your body!
Sigmund points at you and mumbles some strange words.
The magic dart hits you. Sigmund gestures at you while chanting.
The puff of flame hits you! Grinder hits you.
* * * LOW HITPOINT WARNING * * *
You claw Grinder!
Grinder is moderately wounded.
Grinder gestures at you.
You barely resist.
Sigmund hits you from afar with a +0 scythe!
* * * LOW HITPOINT WARNING * * *
You scratch Grinder.
Grinder is moderately wounded.
Grinder hits you but does no damage.
You scratch Grinder but do no damage.
Grinder is moderately wounded.
Sigmund gestures wildly while chanting.
Sigmund flickers and vanishes!
Deactivating autopickup; reactivate with Ctrl-A.
Grinder says, "Just stop there for a second..."
Grinder hits you.
You die...

#..#
#.#
...##.#
......
..#[#
#.#.#
#.{.#
#.5#
#.@#
##.##
#..# #
#..#.#
#....#
#.#..#
#.#.>#
#.####
#.#


You could see Grinder.

Vanquished Creatures
  An adder (D:2)
  A dart slug (D:2)
  3 endoplasms
  4 giant cockroaches
  8 goblins
  4 hobgoblins
  7 jackals (D:1)
  3 quokkas
  6 ball pythons
  4 bats
  A frilled lizard (D:1)
  6 kobolds
  3 rats
51 creatures vanquished.

Notes
Turn   | Place    | Note
-------+----------+-------------------------------------------
     0 | D:1      | happo123 the Troll Fighter began the quest for the Orb.
     0 | D:1      | Reached XP level 1. HP: 22/22 MP: 0/0
    65 | D:1      | Reached XP level 2. HP: 28/29 MP: 1/1
   189 | D:1      | Found a faded altar of an unknown god.
   487 | D:1      | Reached XP level 3. HP: 33/36 MP: 2/2
   926 | D:2      | Found a radiant altar of Vehumet.
  1036 | D:2      | Reached XP level 4. HP: 44/44 MP: 3/3
  1336 | D:2      | Found Pyduedd's Armour Shop.
  1496 | D:2      | Identified the +0 leather armour of Cexour Joqi {Dex+2
                  | Stlth+}
  1757 | D:3      | Noticed Grinder
  1758 | D:3      | Noticed Sigmund
  1764 | D:3      | Slain by Grinder

Illustrated notes

Levels and vault maps discovered:
D:1:      lightli_arrival_statuegarden, layout_basic, basic_ecumenical_altar
D:2:      layout_basic, serial_shops, shop, serial_glass, glass_columns_c,
          glass_columns_a, glass_columns_a, glass_columns_a, glass_columns_a,
          glass_columns_a, glass_columns_b, glass_columns_a, basic_altar,
          minmay_pentomino_u4
D:3:      layout_basic, gup_sewer_entry_bubbles, amcnicky_mini_corridor_feature,
          uniq_sigmund, uniq_robin, uniq_grinder

Skill      XL: |  1  2  3  4 |
---------------+-------------+-----
Shields        | 3 |  3.2
Unarmed Combat | 3 |  3.0
Fighting       | |  2.7
Dodging        | |  2.9

Action                   |  1- 3 |  4- 6 || total
-------------------------+-------+-------++-------
Melee: Unarmed           |   128 |     7 ||   135
Armor: Robe              |    38 |     1 ||    39
Dodge: Dodged            |    57 |     1 ||    58
Block: Kite shield       |    54 |     1 ||    55

Table legend: (Time is in decaauts)
 A = Elapsed time spent in this place.
 B = Non-inter-level travel time spent in this place.
 C = Inter-level travel time spent in this place.
 D = Time resting spent in this place.
 E = Time spent auto-exploring this place.
 F = Levels seen in this place.
 G = Mean time per level.
                   A        B        C        D        E       F      G
               +--------+--------+--------+--------+--------+-----+--------+
         Total |   1776 |   1544 |    232 |      0 |   1247 |   3 |  592.0 |
       Dungeon |   1776 |   1544 |    232 |      0 |   1247 |   3 |  592.0 |
               +--------+--------+--------+--------+--------+-----+--------+

Top non-repeatable levels by time:
     D:2: 888 daAuts
     D:1: 794 daAuts
     D:3: 94 daAuts
